 Dungeon Crawl Stone Soup version 0.32-a0-900-g30fb1b0edc (webtiles) character file.

Game seed: 10063339707775426281

1761 Foxy the Cutter (level 9, -1/68 HPs)
             Began as a Coglin Brigand on Apr 6, 2024.
             Was an Initiate of Ashenzari.
             Succumbed to a water moccasin's poison
             ... on level 7 of the Dungeon.
             The game lasted 00:12:59 (7001 turns).

Foxy the Cutter (Coglin Brigand)                    Turns: 7001, Time: 00:12:59

Health: -1/68      AC: -6    Str: 14    XL:     9   Next: 7%
Magic:  9/9        EV: 10    Int: 10    God:    Ashenzari [......]
Gold:   390        SH:  0    Dex: 18    Spells: 8/8 levels left

rFire   . . .        a - +2 dagger {Ning}
rCold   . . .        r - +3 dagger {Mariya}
rNeg    . . .        o - +2 scale mail {rPois}
rPois   +            s - +0 helmet
rElec   .            c - +0 cloak
rCorr   .            (no gloves)
SInv    .            (no boots)
Will    .....        (amulet unavailable)
Stlth   +            (ring unavailable)
HPRegen 0.31/turn    (ring unavailable)
MPRegen 0.11/turn    (no gizmo)

%: no passive effects
@: lethally poisoned (-1 -> -13), corroded, revved
A: off-hand wielding, slow wielding, warmup strikes, no jewellery
a: Invent Gizmo, Renounce Religion, Curse Item


You were on level 7 of the Dungeon.
You worshipped Ashenzari.
Ashenzari was noncommittal.
You visited 2 branches of the dungeon, and saw 8 of its levels.

You collected 390 gold pieces.

Inventory:

Hand Weapons
 a - a +2 dagger (weapon) {Ning}
 r - a +3 dagger (offhand) {Mariya}
Missiles
 d - 4 poisoned darts (quivered)
 e - 3 curare-tipped darts
Armour
 c - a +0 cloak (worn)
 o - a +2 scale mail of poison resistance (worn)
 s - a +0 helmet (worn)
Wands
 m - a wand of flame (19)
 v - a wand of charming (13)
Scrolls
 b - a scroll of poison
 f - a scroll of enchant weapon
 j - 2 scrolls of enchant armour
 k - 2 scrolls of butterflies
 l - a scroll of teleportation
 n - 2 scrolls of vulnerability
 w - 2 scrolls of revelation
Potions
 q - 4 potions of enlightenment
 t - 2 potions of might


   Skills:
 + Level 5.0 Fighting
 * Level 6.4 Short Blades
 - Level 6.0 Throwing
 + Level 4.1 Dodging
 - Level 3.2 Stealth


You had 8 spell levels left.
You didn't know any spells.
Your spell library contained the following spells:

 Spells                   Type           Power      Damage    Failure   Level
 Sandblast                Erth           0%         2d4       86%         1
 Stone Arrow              Conj/Erth      0%         3d7       99%         3
 Brom's Barrelling Bould  Conj/Erth      0%         2d3       100%        4


Dungeon Overview and Level Annotations

Branches:
Dungeon (7/15)             Temple (1/1) D:5

Altars:
Ashenzari
Cheibriados
Elyvilon
Fedhas
Gozag
Hepliaklqana
Kikubaaqudgha
Makhleb
Nemelex Xobeh
Qazlal
Ru
Sif Muna
Trog
Uskayaw
Vehumet
Wu Jian
Xom
Yredelemnul
Zin
The Shining One
Beogh

Shops:
D:6 :

Annotations:
D:2 1 runed translucent door, Crazy Yiuf
D:3 3 runed translucent doors, AutarchDCSS's ghost, weakling DrFE; Grinder
D:6 3 runed translucent doors, yetimobile's ghost, novice FoFi
D:7 exclusion: hornet


Innate Abilities, Weirdness & Mutations

You can wield a second weapon in your off-hand.
It takes a long time for you to wield or remove held weapons.
Your first few attacks do less damage.
You cannot equip rings or amulets.


Message History

You hit the water moccasin with your +2 dagger.
The water moccasin is almost dead.
You closely miss the water moccasin with your +3 dagger.
The water moccasin closely misses you.
You completely miss the water moccasin with your +3 dagger.
The water moccasin is almost dead.
You hit the water moccasin but do no damage.
Your scorpion dies!
The water moccasin bites you!
* * * LOW HITPOINT WARNING * * *
Unknown command.
You hit the water moccasin but do no damage.
The water moccasin is almost dead.
You hit the water moccasin but do no damage.
The water moccasin bites you.
* * * LOW HITPOINT WARNING * * *
Unknown command.
It was a potion of curing.
You feel better. The water moccasin bites you.
* * * LOW HITPOINT WARNING * * *
Aiming: Charm
Press: ? - help, Shift-Dir - straight line, f/p - water moccasin
Aim: a water moccasin (almost dead, chance to affect: 49%)
Okay, then.
Aiming: Throw Flame
Press: ? - help, Shift-Dir - straight line, f/p - water moccasin
Aim: a water moccasin (almost dead, 48% to hit)
Okay, then.
Aiming: Charm
Press: ? - help, Shift-Dir - straight line, f/p - water moccasin
Aim: a water moccasin (almost dead, chance to affect: 49%)
The water moccasin resists with some effort.
The water moccasin bites you.
* * * LOW HITPOINT WARNING * * *
You are lethally poisoned!
The water moccasin poisons you! The water moccasin barely misses you.
Aiming: Charm
Press: ? - help, Shift-Dir - straight line, f/p - water moccasin
Aim: a water moccasin (almost dead, chance to affect: 49%)
The water moccasin is charmed.
You die...

##.#
#ß.ß#<....#
##.#
#ß.ß#####...#
##.#
#ß.ß#.#.#...#
##.#
+.).'.)##.....
.#.#
##ß##...#......
##.#
#######'##.###.
...# .... #..#
...# ⌠!..⌠ #..#
##.# .⌠....#S@#
#.# ..⌠...(†##
##.####
...⌠..###
......# ⌠...⌠
##.##.# ....
#.....# ##+
#.##### ..# #.#


You could see a friendly water moccasin (charmed).

Vanquished Creatures
  A wyvern (D:7)
  2 steam dragons
  2 water moccasins
  A sky beast (D:6)
  2 ogres
  A phantom (D:6)
  A bullfrog (D:7)
  A scorpion (D:4)
  4 bombardier beetles
  4 hounds
  2 jellies
  A sleepcap (D:6)
  An iguana (D:4)
  Terence (D:2)
  Robin (D:4)
  6 gnolls
  12 adders
  A shadow imp (D:6)
  2 ufetubi (D:6)
  2 ribbon worms
  2 dart slugs
  8 orcs
  10 bats
  8 endoplasms
  2 giant cockroaches
  15 goblins
  6 hobgoblins
  7 jackals
  4 quokkas
  9 ball pythons
  4 frilled lizards
  5 kobolds
  9 rats
137 creatures vanquished.

Vanquished Creatures (others)
  2 scorpions
2 creatures vanquished.

Grand Total: 139 creatures vanquished

Notes
Turn   | Place    | Note
-------+----------+-------------------------------------------
     0 | D:1      | Foxy the Coglin Brigand began the quest for the Orb.
     0 | D:1      | Reached XP level 1. HP: 16/16 MP: 1/1
    42 | D:1      | Reached skill level 1 in Dodging
    62 | D:1      | Reached XP level 2. HP: 8/22 MP: 2/2
   364 | D:1      | Found a faded altar of an unknown god.
   370 | D:1      | Reached XP level 3. HP: 27/27 MP: 3/3
   853 | D:2      | Noticed Terence
   961 | D:2      | Killed Terence
   962 | D:2      | Reached XP level 4. HP: 29/34 MP: 4/4
  1141 | D:2      | Found a runed translucent door.
  1142 | D:2      | Noticed Crazy Yiuf
  1939 | D:3      | Reached XP level 5. HP: 39/39 MP: 5/5
  2468 | D:3      | Found a runed translucent gate.
  2469 | D:3      | Found a runed translucent gate.
  2469 | D:3      | Found a runed translucent gate.
  2589 | D:3      | Noticed AutarchDCSS's ghost (weakling DrFE)
  2599 | D:3      | Noticed Grinder
  3215 | D:4      | Reached XP level 6. HP: 37/47 MP: 6/6
  3563 | D:4      | Noticed Robin
  3599 | D:4      | Killed Robin
  4210 | D:4      | Reached XP level 7. HP: 52/52 MP: 7/7
  4253 | D:4      | HP: 1/52 [acid (5)]
  4564 | D:5      | Entered Level 5 of the Dungeon
  4642 | D:5      | Found a staircase to the Ecumenical Temple.
  4656 | Temple   | Entered the Ecumenical Temple
  4682 | Temple   | Became a worshipper of Ashenzari the Shackled
  4967 | D:5      | Noticed a steam dragon
  4985 | D:5      | Killed a steam dragon
  5251 | D:5      | Reached skill level 5 in Throwing
  5251 | D:5      | Reached XP level 8. HP: 57/60 MP: 8/8
  5283 | D:5      | Reached skill level 5 in Short Blades
  5589 | D:6      | Found Synubehu's Vocational Training.
  5857 | D:6      | Found a runed translucent gate.
  5858 | D:6      | Found a runed translucent gate.
  5858 | D:6      | Noticed yetimobile's ghost (novice FoFi)
  5859 | D:6      | Identified the +10 plate armour of Cowardice {rF- Regen+
                  | Int-5 SInv}
  5860 | D:6      | Found a runed translucent gate.
  6568 | D:6      | Found a roughly hewn altar of Beogh.
  6694 | D:7      | Noticed a hornet
  6812 | D:7      | Noticed a wyvern
  6825 | D:7      | Killed a wyvern
  6826 | D:7      | Reached XP level 9. HP: 25/67 MP: 9/9
  6985 | D:7      | Reached skill level 5 in Fighting
  6998 | D:7      | HP: 1/68 [water moccasin (4)]
  7001 | D:7      | Succumbed to a water moccasin's poison

Illustrated notes

Levels and vault maps discovered:
D:1:      dpeg_arrival_rooms_a, layout_loops_ring,
          hellmonk_ecumenical_altar_arch_garden, serial_bayou_ford_a
D:2:      layout_basic, minmay_tree_intersection, uniq_crazy_yiuf_cottage,
          uniq_terence
D:3:      layout_loops_ring, ebering_ghost_rock_garden, uniq_grinder
D:4:      layout_loops_corners, corexii_item_surrounded_by_moat, uniq_robin
D:5:      layout_loops_ring, minmay_temple_entry_large_hall,
          hangedman_decor_lopped, hangedman_abyss_or_decor_stabs
D:6:      layout_loops_ring, biasface_ghost_orc_armoury, serial_glass,
          glass_columns_c, glass_columns_a, nicolae_shop_vocational
D:7:      minmay_chambers_of_sevens, layout_basic, serial_shops, kennysheep_mini
Temple:   nicolae_temple_bog_church

Skill      XL: |  1  2  3  4  5  6  7  8  9 |
---------------+----------------------------+-----
Dodging        | 1 2 3 4 |  4.1
Short Blades   | 2 3 4 6 |  6.4
Throwing       | 2 3 4 5 6 |  6.0
Fighting       | 3 4 5 |  5.0
Stealth        | |  3.2

Action                     |  1- 3 |  4- 6 |  7- 9 || total
---------------------------+-------+-------+-------++-------
  Melee: Dagger            |   136 |   320 |   365 ||   821
  Throw: Dart              |       |    25 |    30 ||    55
  Evoke: Wand              |       |       |     5 ||     5
    Use: Potion            |       |       |     5 ||     5
         Scroll            |       |       |    10 ||    10
   Stab: Sleeping          |     6 |     8 |     1 ||    15
 Armour: Robe              |    41 |    44 |       ||    85
         Scale mail        |       |    55 |   146 ||   201
  Dodge: Dodged            |    37 |    78 |    73 ||   188

Table legend: (Time is in decaauts)
 A = Elapsed time spent in this place.
 B = Non-inter-level travel time spent in this place.
 C = Inter-level travel time spent in this place.
 D = Time resting spent in this place.
 E = Time spent auto-exploring this place.
 F = Levels seen in this place.
 G = Mean time per level.
                   A        B        C        D        E       F      G
               +--------+--------+--------+--------+--------+-----+--------+
         Total |   6900 |   6655 |    245 |    841 |   4565 |   8 |  862.5 |
       Dungeon |   6859 |   6627 |    232 |    841 |   4565 |   7 |  979.9 |
        Temple |     41 |     28 |     13 |      0 |      0 |   1 |   41.0 |
               +--------+--------+--------+--------+--------+-----+--------+

Top non-repeatable levels by time:
     D:4: 1684 daAuts
     D:2: 1084 daAuts
     D:6: 1039 daAuts
     D:3: 974 daAuts
     D:5: 889 daAuts
     D:1: 816 daAuts
     D:7: 370 daAuts
  Temple: 41 daAuts
